 Dungeon Crawl Stone Soup version 0.18-a0-846-g91b95b1 (webtiles) character file.

73971 Duffy the Shatterer (level 15, -18/161 HPs)
             Began as an Ogre Fire Elementalist on Dec 20, 2015.
             Was the Champion of Cheibriados.
             Shot with an arrow by a centaur warrior (28 damage)
             ... on level 14 of the Dungeon.
             The game lasted 00:43:29 (29423 turns).

Duffy the Shatterer (Ogre Fire Elementalist)       Turns: 29423, Time: 00:43:29

Health: -18/161    AC: 10    Str: 36    XL:     15   Next: 45%
Magic:  22/22      EV: 20    Int: 30    God:    Cheibriados [******]
Gold:   1475       SH:  0    Dex: 25    Spells: 6 memorised, 7 levels left

rFire  + . .     SeeInvis .     a - +2 giant spiked club
rCold  . . .     Gourm    .     H - +0 troll leather armour
rNeg   . . .     Faith    +     (shield currently unavailable)
rPois  +         Spirit   .     V - +2 hat
rElec  .         Dismiss  .     b - +2 cloak {MR+}
rCorr  .         Reflect  .     (gloves unavailable)
SustAt .         Harm     .     (boots unavailable)
MR     ++...                    O - amulet of faith
Stlth  ++........               p - ring of poison resistance
                                F - ring of protection from fire

@: very slow, very resistant to hostile enchantments, unstealthy
A: unfitting armour, tough skin 1
a: Bend Time, Temporal Distortion, Slouch, Step From Time, Renounce Religion


You were on level 14 of the Dungeon.
You worshipped Cheibriados.
Cheibriados was exalted by your worship.
You were not hungry.

You visited 2 branches of the dungeon, and saw 22 of its levels.

You collected 1475 gold pieces.


Innate Abilities, Weirdness & Mutations

You are too large for most types of armour.
You have tough skin (AC +1).


   Skills:
 + Level 13.2 Fighting
 + Level 21.5 Maces & Flails
 - Level 10.2 Dodging
 - Level 1.5 Stealth
 - Level 5.0 Spellcasting
 - Level 5.0 Conjurations
 - Level 5.0 Fire Magic
 - Level 10.0 Invocations


You had 7 spell levels left.
You knew the following spells:

 Your Spells              Type           Power        Failure   Level  Hunger
a - Apportation           Tloc           #.........   10%         1    None
b - Blink                 Tloc           N/A          12%         2    None
c - Portal Projectile     Tloc           #.....       21%         3    None
d - Passage of Golubria   Tloc           N/A          73%         4    ###....
j - Sticky Flame          Conj/Fire      #####...     10%         4    ###....
l - Conjure Flame         Conj/Fire      #####...     2%          3    None

Inventory:

Hand Weapons
 a - a +2 giant spiked club (weapon)
 N - a +0 blowgun
Missiles
 f - 89 poisoned needles
 g - 2 throwing nets
 W - 7 tomahawks
 X - 14 large rocks
 Z - 3 poisoned tomahawks (quivered)
Armour
 b - a +2 cloak of magic resistance (worn)
 q - a +2 robe of fire resistance
 H - a +0 troll leather armour (worn)
 V - a +2 hat (worn)
Jewellery
 p - a ring of poison resistance (right hand)
 u - an uncursed ring of flight
 F - a ring of protection from fire (left hand)
 G - an uncursed ring of teleportation
 J - an uncursed amulet of rage {unknown}
 O - an amulet of faith (around neck)
Wands
 z - a wand of flame (15/48)
 C - a wand of teleportation (5/9)
 K - a wand of frost (17/48)
 P - a wand of lightning (5/15)
 Q - a wand of digging (7/24)
 S - a wand of polymorph (12/24)
 U - a wand of digging (18/24)
Scrolls
 e - 3 scrolls of fear
 h - a scroll of recharging
 l - a scroll of summoning {unknown}
 m - 3 scrolls of fog
 w - 6 scrolls of remove curse
 y - 2 scrolls of blinking
 I - 9 scrolls of teleportation
Potions
 i - a potion of resistance
 j - a potion of invisibility
 k - 4 potions of might
 o - 3 potions of flight
 s - 2 potions of cancellation
 t - 4 potions of curing
 v - 2 potions of cure mutation
 A - a potion of ambrosia {unknown}
 B - a potion of berserk rage {unknown}
 D - 2 potions of lignification
 E - a potion of beneficial mutation {unknown}
 M - a potion of brilliance {unknown}
 T - a potion of heal wounds
Comestibles
 c - 9 bread rations
 d - 7 beef jerkies
 r - 12 meat rations
 x - 26 fruits
 L - 14 royal jellies
 R - 2 slices of pizza

Dungeon Overview and Level Annotations

Branches:
Dungeon (14/15) Temple (0/1) D:7 Lair (8/8) D:9 Shoals (0/4) Lair:5 Snake (0/4) Lair:6 Slime (0/6) Lair:7 Orc (0/2) D:11 Vaults (0/5) D:12 D:13

Altars:
Cheibriados
Dithmenos
Fedhas
Gozag
Kikubaaqudgha
Makhleb
Nemelex Xobeh
Okawaru
Qazlal
Trog
Vehumet
Yredelemnul
Zin
The Shining One
Jiyva

Shops:
D:10 *

Annotations:
Lair:7 1 runed door, exclusion: door


Message History

You see here an uncursed enchanted shortbow.
There is a stone staircase leading down here.
You climb downwards.
You feel a wave of frost pass over you.
There is an entrance to an ice cave on this level.
Hurry and find it before the portal melts!
A hill giant comes into view. It is wielding a giant club.
Found a slimy rapier.
There is a stone staircase leading up here.
A centaur warrior comes into view.
All of the chunks of flesh in your inventory have rotted away.
The hill giant closely misses you.
The hill giant hits you with a giant club!!
You flatten the hill giant like a pancake!!!
The hill giant is severely wounded.
The centaur warrior wields a longbow.
The centaur warrior shoots an arrow.
The arrow hits you but does no damage.
The hill giant hits you with a giant club!!
The hill giant hits you with a giant club!!
You bludgeon the hill giant!!
You kill the hill giant!
Cheibriados appreciates the change of pace.
The centaur warrior shoots an arrow.
The arrow hits you!!
The centaur warrior shoots an arrow.
The arrow hits you!
The centaur warrior shoots an arrow.
The arrow hits you!
The centaur warrior shoots an arrow.
The arrow misses you.
Things that are here:
2 arrows; a giant club; a hill giant corpse The centaur warrior shoots an arrow.
The arrow hits you but does no damage.
The centaur warrior shoots an arrow.
The arrow hits you!!
You see here an arrow.
The centaur warrior shoots an arrow.
The arrow hits you!
The centaur warrior shoots an arrow.
The arrow hits you!
You see here 2 arrows.
The centaur warrior shoots an arrow.
The arrow hits you!!
You die...

#########
#####.......#
#...<.......#
#...........#
#..(((......#
#....((.....#
#......(....###.
#.......@.......
............c.....
.......).......###
................#
................#
......##########
.... ..


You could see a centaur warrior.

Action                   |  1- 3 |  4- 6 |  7- 9 | 10-12 | 13-15 || total
-------------------------+-------+-------+-------+-------+-------++-------
Melee: Giant spiked club |       |    69 |   209 |   430 |   704 ||  1412
 Fire: Blowgun           |       |       |       |       |     5 ||     5
Throw: Tomahawk          |       |       |       |       |     5 ||     5
 Cast: Flame Tongue      |    64 |   123 |   114 |    22 |       ||   323
       Sticky Flame      |       |       |     8 |    18 |    13 ||    39
       Conjure Flame     |       |       |     5 |     9 |     5 ||    19
Invok: Slouch            |       |       |       |     7 |    19 ||    26
Evoke: Wand              |       |       |     2 |     2 |       ||     4
  Use: Scroll            |       |     7 |     5 |    10 |     8 ||    30
       Potion            |       |       |       |     1 |     3 ||     4
 Stab: Sleeping          |       |     1 |     1 |     4 |    10 ||    16
       Distracted        |       |       |       |       |     4 ||     4
  Eat: Chunk             |     4 |    13 |    11 |    16 |    22 ||    66
       Pizza             |       |       |     1 |       |     1 ||     2
       Beef jerky        |       |       |       |     2 |       ||     2

Notes
Turn   | Place    | Note
--------------------------------------------------------------
     0 | D:1      | Duffy the Ogre Fire Elementalist began the quest for the Orb.
     0 | D:1      | Reached XP level 1. HP: 16/16 MP: 3/3
   234 | D:1      | Reached skill level 1 in Conjurations
   524 | D:1      | Reached XP level 2. HP: 24/24 MP: 2/5
  1248 | D:2      | Found a blossoming altar of Fedhas.
  1250 | D:2      | Found an ancient bone altar of Kikubaaqudgha.
  1358 | D:2      | Found a sparkling altar of Nemelex Xobeh.
  1370 | D:2      | Reached skill level 2 in Conjurations
  1370 | D:2      | Reached XP level 3. HP: 31/31 MP: 2/6
  1549 | D:2      | Learned a level 3 spell: Conjure Flame
  1844 | D:2      | Found an iron altar of Okawaru.
  1850 | D:2      | Found an opulent altar of Gozag.
  1983 | D:2      | Reached XP level 4. HP: 39/39 MP: 5/7
  2005 | D:2      | Found a radiant altar of Vehumet.
  2539 | D:2      | Found a glowing golden altar of the Shining One.
  2662 | D:2      | Learned a level 4 spell: Sticky Flame
  3318 | D:3      | Found a faded altar to an unknown god.
  3474 | D:3      | Found a burning altar of Makhleb.
  3742 | D:4      | Reached skill level 1 in Maces & Flails
  3870 | D:4      | Reached XP level 5. HP: 41/45 MP: 2/8
  3965 | D:4      | Reached skill level 2 in Maces & Flails
  3971 | D:4      | Reached skill level 3 in Fire Magic
  4082 | D:4      | Reached skill level 3 in Conjurations
  4278 | D:4      | Reached skill level 3 in Maces & Flails
  4278 | D:4      | Reached XP level 6. HP: 38/53 MP: 5/9
  4639 | D:4      | Reached skill level 4 in Maces & Flails
  4761 | D:4      | Found a snail-covered altar of Cheibriados.
  4772 | D:4      | Became a worshipper of Cheibriados the Contemplative
  5347 | D:5      | Entered Level 5 of the Dungeon
  5347 | D:5      | Noticed Kolbur's ghost (amateur KoBe)
  5541 | D:5      | Reached skill level 5 in Maces & Flails
  5541 | D:5      | Reached XP level 7. HP: 48/59 MP: 3/10
  6152 | D:5      | Reached skill level 6 in Maces & Flails
  6335 | D:5      | Reached * piety under Cheibriados
  6764 | D:6      | Reached skill level 4 in Fire Magic
  6769 | D:6      | Reached XP level 8. HP: 46/67 MP: 1/11
  6880 | D:6      | Reached skill level 7 in Maces & Flails
  7093 | D:6      | Reached skill level 4 in Conjurations
  7171 | D:6      | Found a glowing silver altar of Zin.
  7275 | D:6      | Reached skill level 1 in Fighting
  7275 | D:6      | Reached skill level 8 in Maces & Flails
  7649 | D:6      | Reached skill level 2 in Fighting
  7744 | D:6      | Reached ** piety under Cheibriados
  8019 | D:6      | Reached skill level 9 in Maces & Flails
  8289 | D:5      | Reached skill level 3 in Fighting
  8803 | D:7      | Reached skill level 10 in Maces & Flails
  8895 | D:7      | Found a stormy altar of Qazlal.
  8974 | D:7      | Reached skill level 4 in Fighting
  8974 | D:7      | Reached XP level 9. HP: 82/84 MP: 7/12
  9450 | D:7      | Reached *** piety under Cheibriados
  9525 | D:6      | Reached skill level 5 in Fighting
  9625 | D:5      | Reached skill level 11 in Maces & Flails
 10265 | D:5      | Killed Kolbur's ghost
 10370 | D:5      | Noticed Crazy Yiuf
 10380 | D:5      | Killed Crazy Yiuf
 10511 | D:7      | Found a shadowy altar of Dithmenos.
 10567 | D:7      | Reached skill level 6 in Fighting
 10896 | D:7      | Reached skill level 12 in Maces & Flails
 11116 | D:7      | Reached **** piety under Cheibriados
 11578 | D:7      | Reached skill level 7 in Fighting
 11663 | D:7      | Found a staircase to the Ecumenical Temple.
 11769 | D:7      | Reached XP level 10. HP: 46/102 MP: 0/13
 11976 | D:7      | Reached skill level 13 in Maces & Flails
 12309 | D:8      | Reached skill level 2 in Dodging
 12445 | D:8      | Reached ***** piety under Cheibriados
 12604 | D:8      | Reached skill level 3 in Dodging
 12645 | D:8      | Found a basalt altar of Yredelemnul.
 12912 | D:8      | Found a bloodstained altar of Trog.
 13801 | D:9      | Reached skill level 4 in Dodging
 13826 | D:9      | Reached skill level 14 in Maces & Flails
 13885 | D:9      | Found a staircase to the Lair.
 14009 | D:9      | Noticed Joseph
 14024 | D:9      | Killed Joseph
 14024 | D:9      | Reached ****** piety under Cheibriados
 14170 | D:9      | Reached skill level 5 in Dodging
 14336 | D:9      | Reached XP level 11. HP: 103/111 MP: 9/14
 14389 | D:9      | Reached skill level 1 in Invocations
 14759 | D:9      | Reached skill level 15 in Maces & Flails
 14759 | D:9      | Reached skill level 2 in Invocations
 14881 | D:10     | Entered Level 10 of the Dungeon
 15008 | D:10     | Noticed a hill giant
 15031 | D:10     | Killed a hill giant
 15031 | D:10     | Reached skill level 3 in Invocations
 15239 | D:10     | Found Cuibezxy's General Store.
 15623 | D:10     | Killed an unseen horror
 15623 | D:10     | Reached skill level 4 in Invocations
 15723 | D:10     | Noticed a hill giant
 15728 | D:10     | Killed a hill giant
 16117 | D:9      | Reached skill level 5 in Invocations
 16145 | Lair:1   | Entered Level 1 of the Lair of Beasts
 16325 | D:9      | Reached skill level 16 in Maces & Flails
 16538 | Lair:1   | Reached skill level 6 in Invocations
 17095 | Lair:1   | Reached skill level 7 in Invocations
 17416 | Lair:1   | Reached XP level 12. HP: 102/119 MP: 17/17
 17894 | Lair:2   | Noticed Fannar
 17906 | Lair:2   | Killed Fannar
 17912 | Lair:2   | Reached skill level 8 in Invocations
 17917 | Lair:2   | Reached skill level 17 in Maces & Flails
 18670 | Lair:2   | Reached skill level 9 in Invocations
 19255 | Lair:2   | Noticed a five-headed hydra
 19314 | Lair:2   | Killed a five-headed hydra
 19384 | Lair:2   | Reached skill level 10 in Invocations
 19676 | Lair:2   | Reached skill level 3 in Spellcasting
 19679 | Lair:2   | Reached skill level 4 in Spellcasting
 19684 | Lair:2   | Reached skill level 5 in Spellcasting
 19995 | Lair:2   | Reached XP level 13. HP: 96/127 MP: 20/20
 20229 | Lair:3   | Noticed Gorice's ghost (journeyman OpWn)
 20231 | Lair:3   | Reached skill level 5 in Fire Magic
 20239 | Lair:3   | Killed Gorice's ghost
 20239 | Lair:3   | Reached skill level 8 in Fighting
 20305 | Lair:3   | Reached skill level 5 in Conjurations
 20325 | Lair:3   | Reached skill level 6 in Dodging
 20722 | Lair:3   | Reached skill level 9 in Fighting
 21058 | Lair:4   | Reached skill level 18 in Maces & Flails
 21759 | Lair:4   | Found an opulent altar of Gozag.
 21778 | Lair:4   | Reached skill level 10 in Fighting
 21857 | Lair:4   | Reached skill level 7 in Dodging
 22948 | Lair:5   | You fall through a shaft for 3 floors!
 22948 | Lair:8   | Entered Level 8 of the Lair of Beasts
 22994 | Lair:7   | Reached skill level 8 in Dodging
 23267 | Lair:5   | Found a staircase to the Shoals.
 23276 | Lair:5   | Reached skill level 19 in Maces & Flails
 23361 | Lair:5   | Reached XP level 14. HP: 130/143 MP: 21/21
 23711 | Lair:5   | Learned a level 1 spell: Apportation
 23714 | Lair:5   | Learned a level 2 spell: Blink
 23718 | Lair:5   | Learned a level 3 spell: Portal Projectile
 23723 | Lair:5   | Learned a level 4 spell: Passage of Golubria
 23806 | Lair:6   | Found a staircase to the Snake Pit.
 23820 | Lair:6   | Reached skill level 9 in Dodging
 24906 | Lair:7   | Found a shadowy altar of Dithmenos.
 24909 | Lair:7   | Found a runed door.
 24910 | Lair:7   | Found a viscous altar of Jiyva.
 24910 | Lair:7   | Noticed an azure jelly
 24912 | Lair:7   | Found a staircase to the Slime Pits.
 24912 | Lair:7   | Noticed an azure jelly
 24915 | Lair:7   | Noticed an azure jelly
 25554 | D:11     | Noticed Gastronok
 25561 | D:11     | Killed Gastronok
 25592 | D:11     | Reached skill level 20 in Maces & Flails
 25592 | D:11     | Reached skill level 10 in Dodging
 25848 | D:11     | Found a staircase to the Orcish Mines.
 26906 | D:12     | Noticed Josephine
 26923 | D:12     | Killed Josephine
 27147 | D:12     | Noticed Erolcha
 27158 | D:12     | Killed Erolcha
 27158 | D:12     | Reached skill level 11 in Fighting
 27740 | D:12     | Reached XP level 15. HP: 116/154 MP: 22/22
 27880 | D:12     | Noticed Nergalle
 27886 | D:12     | Killed Nergalle
 28206 | D:13     | Found a gate to the Vaults.
 28206 | D:13     | Noticed Rupert
 28206 | D:13     | Noticed Donald
 28208 | D:13     | Reached skill level 12 in Fighting
 28209 | D:13     | Reached skill level 21 in Maces & Flails
 28214 | D:12     | Killed Rupert
 28326 | D:13     | Killed Donald
 28460 | D:13     | Noticed 4thArraOfDagon's ghost (novice MiFi)
 28468 | D:13     | Killed 4thArraOfDagon's ghost
 29005 | D:13     | Reached skill level 13 in Fighting
 29062 | D:13     | Found a blossoming altar of Fedhas.
 29423 | D:14     | Shot with an arrow by a centaur warrior

Vault maps used:
D:1:      elethiomel_arrival_shortcut, minmay_misc_feat_room
D:2:      grunt_temple_overflow_growth_and_decay, lemuel_doored_altar,
          tso_oasis_becter, lemuel_round_altar, amethyst_overflow_temple_binary,
          st_stairs_3
D:3:      lemuel_round_altar, ecumenical_altar_2
D:4:      cheibriados_altar_1, first_bread, kennysheep_small_circle
D:5:      uniq_crazy_yiuf_cottage
D:6:      lemuel_coloured_pillars_altar, grunt_ministairs_3, amalloy_card_club
D:7:      nicolae_overflow_crystal_walls, minmay_temple_entry_nine_rooms,
          grunt_ogre_cave, grunt_qazlal_clouds
D:8:      kennysheep_mini_moat, old_standard_altar,
          hangedman_abyss_or_decor_stagger
D:9:      grunt_lair_entry_orc_guard_hut, uniq_joseph
D:10:     serial_shops, shop
D:11:     zombieorc2_lemuel, uniq_gastronok
D:12:     boulder_corridor_run, uniq_nergalle, uniq_josephine, uniq_erolcha
D:13:     david_vaults_3, fedhas_altar_1
D:14:     portal_ice_cave_entry_horrid_things, basic_altar, uniq_maud
Lair:1:   serial_bayou_shore_b
Lair:2:   special_room, uniq_fannar
Lair:3:   lemuel_fruit_tree
Lair:4:   basic_altar, beast_lair_carwin_3, grunt_megastairs_3,
          infiniplex_staircase_pool, serial_bayou_shore_a
Lair:5:   minmay_shoals_entry_hut
Lair:6:   minmay_snake_entry_guardpost_small, bobbens_dragon_lair_wall
Lair:7:   slime_altar_2, basic_altar
Lair:8:   evilmike_catoblepas_cave, st_stairs_6, ldierk_geyser,
          kennysheep_basilisk_garden

Vanquished Creatures
  Rupert Gastronok Donald Josephine
  The ghost of Gorice the Cruncher, a journeyman OpWn
  6 hydras Fannar
  A rakshasa Erolcha
  A centaur warrior
  The ghost of 4thArraOfDagon the Cleaver, a novice MiFi of Qazlal
  A tengu warrior Nergalle
  A fire crab
  A skeletal warrior
  2 unseen horrors
  3 hill giants
  2 manticores
  3 ugly things
  3 cyclopes
  18 elephants
  A salamander
  A griffon
  5 black mambas Joseph
  2 gargoyles
  15 spiny frogs
  A kobold demonologist
  3 fire drakes
  8 komodo dragons
  An efreet
  A queen bee
  6 trolls
  2 polar bears
  23 blink frogs
  5 slime creatures
  2 boulder beetles
  2 two-headed ogres
  The ghost of Kolbur the Sneak, an amateur KoBe of Trog
  A snapping turtle
  5 wraiths
  A shadow
  44 yaks
  A steam dragon
  16 humans
  3 basilisks
  4 hippogriffs
  5 hungry ghosts
  6 wolves
  A soldier ant
  15 water moccasins
  10 porcupines
  3 nagas
  4 sky beasts
  3 orc warriors
  A necrophage
  4 ice beasts
  5 black bears
  2 eyes of draining
  A phantom
  5 centaurs
  14 ogres
  3 big kobolds
  17 crocodiles
  A gnoll sergeant
  A wyvern zombie
  18 giant frogs
  4 scorpions
  28 killer bees
  A water moccasin skeleton
  A troll zombie
  2 electric eels
  13 wights
  A lava snake
  7 crimson imps
  2 jellies
  3 centaur zombies
  2 giant frog zombies
  A quasit Crazy Yiuf
  10 orc priests
  4 hounds
  17 orc wizards
  2 giant frog skeletons
  4 centaur skeletons
  15 iguanas
  15 worker ants
  A killer bee zombie
  14 sheep
  7 ogre zombies
  A hound zombie
  A hound skeleton
  4 gnolls
  3 worker ant zombies
  15 adders
  68 river rats
  3 shadow imps
  An ooze
  A worm
  5 adder skeletons
  6 giant geckos
  50 orcs
  7 giant cockroaches
  11 hobgoblins
  14 jackals
  15 kobolds
  7 quokkas
  3 ball pythons
  12 bats
  4 giant newts
  9 goblins
  2 goblin skeletons
  3 goblin zombies
  A hobgoblin skeleton
  2 hobgoblin zombies
  16 orc zombies
  3 quokka skeletons
  19 rats
  19 fungi
  21 plants
806 creatures vanquished.
